 Dungeon Crawl Stone Soup version 0.30.0-11-gf55b779eaf (webtiles) character file.

Game seed: 3833722875924998883

4 Orangeyouglad the Sneak (level 1, -4/18 HPs)
             Began as a Human Delver on May 17, 2023.
             Slain by a mummy (13 damage)
             ... in an ossuary.
             The game lasted 00:02:05 (289 turns).

Orangeyouglad the Sneak (Human Delver)               Turns: 289, Time: 00:02:05

Health: -4/18      AC:  3    Str: 12    XL:     1   Next: 77%
Magic:  1/1        EV: 12    Int: 10    God:
Gold:   27         SH:  0    Dex: 14    Spells: 0/0 levels left

rFire   . . .        j - +0 long sword
rCold   . . .        (no shield)
rNeg    . . .        b - +0 leather armour
rPois   .            (no helmet)
rElec   .            (no cloak)
rCorr   .            (no gloves)
SInv    .            (no boots)
Will    .....        (no amulet)
Stlth   +++          (no ring)
HPRegen 0.23/turn    (no ring)
MPRegen 0.07/turn

%: no passive effects
@: hasted, very quick
A: no striking features
a: no special abilities


You were in an ossuary.
You visited 1 branch of the dungeon, and saw 2 of its levels.
You also visited: Ossuary.

You collected 27 gold pieces.

Inventory:

Hand Weapons
 a - a +0 short sword
 j - a +0 long sword (weapon)
Armour
 b - a +0 leather armour (worn)
Wands
 g - a wand of digging (3)
Scrolls
 c - a scroll of fog
 d - a scroll of magic mapping
 i - a scroll of teleportation {unknown}
Potions
 h - a potion of experience {unknown}
 k - a potion of berserk rage {unknown}


   Skills:
 + Level 3.1 Fighting
 - Level 2.0 Short Blades
 + Level 2.1 Dodging
 - Level 5.0 Stealth
 + Level 0.3 Spellcasting


You couldn't memorise any spells.
You didn't know any spells.
Your spell library was empty.

Dungeon Overview and Level Annotations

Branches:
Dungeon (5/15)            Ossuary (1/1)
 Temple: D:4-7

Altars:

Annotations:
D:4 Duvessa


Message History

You see here a ball python corpse.
You hear the hiss of an avalanche of sand.
There is an open door here.
There is a sand-covered staircase here.
HP restored.
The world spins around you as you enter the gateway.
You enter an ossuary!
Found a gate leading back out of this place.
There is an empty arch of ancient stone here.
Okay, then.
There is a gate leading back out of this place here.
Okay, then.
The jackal zombie bites you but does no damage.
The adder zombie misses you.
The jackal zombie attacks as you move away!
The jackal zombie bites you.
The jackal zombie bites you but does no damage.
The jackal zombie closely misses you.
The rat zombie bites you but does no damage.
The jackal zombie barely misses you.
The jackal zombie attacks as you move away!
The jackal zombie closely misses you.
Found a gate leading back out of this place.
A mummy comes into view.
Found four items.
The goblin zombie hits you but does no damage.
The jackal zombie closely misses you. The mummy hits you!
The hound zombie barely misses you.
The jackal zombie attacks as you move away!
The jackal zombie bites you but does no damage.
Found a gate leading back out of this place.
Okay, then.
Okay, then.
Okay, then.
You feel yourself speed up.
The hound zombie bites you but does no damage.
The jackal zombie bites you. The mummy hits you!
Ouch! That really hurt!
You die...

#..........∩..... #∩.
#..........∩.....
#..##...........Z....
#..#.................
#.......Z.Z...Z......
#.....##Z.Z..........
#.....##Z...Z........
#....ZZ..............
#...@M.Z.............
####.Z.......#####..
#!!#...........
#!!+...........∩
################


You could see a mummy, an adder zombie, a rat zombie, a jackal zombie, a hound
zombie, a goblin zombie and a gnoll zombie.

Vanquished Creatures
  A hobgoblin (D:4)
  A quokka (D:4)
  A ball python (D:4)
  2 hobgoblin zombies (D:4)
5 creatures vanquished.

Notes
Turn   | Place    | Note
-------+----------+-------------------------------------------
     0 | D:5      | Orangeyouglad the Human Delver began the quest for the Orb.
     0 | D:5      | Reached XP level 1. HP: 18/18 MP: 1/1
    25 | D:4      | Noticed Duvessa
    59 | D:4      | Noticed an orc wizard
    59 | D:4      | Noticed an orc wizard
   218 | D:4      | Found a sand-covered staircase.
   275 | Ossuary  | Entered an ossuary
   289 | Ossuary  | Slain by a mummy

Illustrated notes

Levels and vault maps discovered:
D:4:      kennysheep_spiral_hall, layout_basic, lightli_temple_of_fire,
          nicolae_ossuary_entry_giza, uniq_eustachio, uniq_edmund, uniq_duvessa
D:5:      layout_cave_pods
Ossuary:  ossuary_minmay_tomb_2a

Action                     || total
---------------------------++-------
  Melee: Long sword        ||    12
         Short sword       ||     1
    Use: Scroll            ||     1
         Potion            ||     1
   Stab: Sleeping          ||     2
 Armour: Leather armour    ||     7
  Dodge: Dodged            ||    19
